 Dungeon Crawl Stone Soup version 0.29.0-5-ge4962eb29e (webtiles) character file.

Game seed: 6137790397979471743

53 WhatIsLove the Conjurer (level 3, 0/19 HPs)
             Began as a Deep Elf Conjurer on Aug 29, 2022.
             Slain by a bullfrog (5 damage)
             ... on level 6 of the Dungeon.
             The game lasted 00:02:00 (2548 turns).

WhatIsLove the Conjurer (Deep Elf Conjurer)         Turns: 2548, Time: 00:02:02

Health: 0/19       AC:  2    Str:  4    XL:     3   Next: 64%
Magic:  5/10       EV: 12    Int: 24    God:
Gold:   213        SH:  0    Dex: 13    Spells: 7/10 levels left

rFire   . . .      SeeInvis .   a - +2 whip (elec)
rCold   . . .      Faith    .   (no shield)
rNeg    . . .      Spirit   .   f - +0 robe
rPois   .          Reflect  .   (no helmet)
rElec   .          Harm     .   (no cloak)
rCorr   .          Rampage  .   (no gloves)
Will    .....                   (no boots)
Stlth   ++........              (no amulet)
HPRegen 0.06/turn               (no ring)
MPRegen 0.12/turn               (no ring)

@: no status effects
A: no striking features
a: no special abilities


You were on level 6 of the Dungeon.
You visited 1 branch of the dungeon, and saw 4 of its levels.

You collected 213 gold pieces.

Inventory:

Hand Weapons
 a - a +2 whip of electrocution (weapon)
 b - a +1 dagger of venom
Armour
 f - a +0 robe (worn)
Scrolls
 c - a scroll of amnesia {unknown}
 e - a scroll of identify {unknown}
 g - a scroll of enchant weapon {unknown}
 j - 2 scrolls of teleportation {unknown}
Potions
 d - a potion of magic
 h - a potion of heal wounds {unknown}
 i - a potion of invisibility {unknown}
 k - a potion of flight {unknown}
 l - a potion of curing {unknown}


   Skills:
 - Level 2.4 Dodging
 - Level 2.4 Stealth
 + Level 4.4 Spellcasting
 + Level 5.2 Conjurations


You had 7 spell levels left.
You knew the following spells:

 Your Spells              Type           Power      Damage    Failure   Level
a - Magic Dart            Conj           100%       1d8       1%          1
b - Searing Ray           Conj           60%        2d6       1%          2

Your spell library contained the following spells:

 Spells                   Type           Power      Damage    Failure   Level
 Dazzling Flash           Conj/Hex       34%        N/A       10%         3
 Gell's Gravitas          Tloc           5%         N/A       28%         3
 Teleport Other           Tloc           5%         N/A       28%         3
 Fulminant Prism          Conj/Hex       8%         3d7       32%         4
 Iskenderun's Mystic Bla  Conj/Tloc      17%        2d5       32%         4
 Animate Dead             Necr           5%         N/A       67%         4
 Dispersal                Tloc           2%         N/A       100%        6
 Haunt                    Necr/Summ      2%         N/A       100%        7
 Infestation              Necr           2%         N/A       100%        8


Dungeon Overview and Level Annotations

Branches:
Dungeon (3/15)

Altars:
Elyvilon


Message History

You can't see any susceptible monsters within range! (Use Z to cast anyway.)
Things that are here:
a +0 dagger; a goblin corpse
There is an open door here.
Found 5 stones.
You now have 213 gold pieces (gained 11).
You open the door.
There is an open door here.
You open the door.
Found a stone staircase leading down.
You open the door.
Found 7 stones.
There is an open door here.
You see here 7 stones.
A sourceless malevolence fills the Dungeon...
You fall into a shaft and drop 3 floors!
The shaft crumbles and collapses.
Found a runed cloak.
Found a stone staircase leading down.
A bullfrog comes into view.
A bullfrog is nearby!
The bullfrog croaks.
Casting: Magic Dart (safe; 1% risk of failure)
Confirm with . or Enter, or press ? or * to list all spells.
Aiming: Searing Ray (safe; 1% risk of failure)
Press: ? - help, Shift-Dir - straight line, f - bullfrog
Aim: a bullfrog (74% to hit)
The searing ray misses the bullfrog. (Press . to maintain the ray.)
The searing ray misses the bullfrog.
The bullfrog hits you!
The searing ray hits the bullfrog!
The bullfrog is moderately wounded.
The bullfrog barely misses you.
The searing ray hits the bullfrog!
The bullfrog is severely wounded.
You finish channelling your searing ray.
The bullfrog hits you!
* * * LOW HITPOINT WARNING * * *
The bullfrog hits you.
You die...

### #..
#.#####
..#...
#...#
#####F..#
+....@.[#
#####...#
##.....#
.>.###
#....
#####


You could see a bullfrog.

Vanquished Creatures
  2 adders
  2 worms (D:2)
  2 ball pythons
  3 endoplasms
  4 kobolds
  2 quokkas
  4 bats
  4 frilled lizards
  4 goblins
  3 rats (D:1)
30 creatures vanquished.

Notes
Turn   | Place    | Note
-------+----------+-------------------------------------------
     0 | D:1      | WhatIsLove the Deep Elf Conjurer began the quest for the
                  | Orb.
     0 | D:1      | Reached XP level 1. HP: 10/10 MP: 6/6
   502 | D:1      | Reached XP level 2. HP: 15/15 MP: 5/8
  1410 | D:2      | Learned a level 2 spell: Searing Ray
  1905 | D:2      | Reached XP level 3. HP: 19/19 MP: 7/10
  1907 | D:2      | Reached skill level 5 in Conjurations
  2256 | D:3      | Found a white marble altar of Elyvilon.
  2540 | D:3      | You fall into a shaft and drop 3 floors!
  2543 | D:6      | Noticed a bullfrog
  2548 | D:6      | Slain by a bullfrog

Illustrated notes

Levels and vault maps discovered:
D:1:      sevenhm_arrival_forest_fort_large_3, layout_loops_ring,
          serial_bayou_lagoon_b
D:2:      layout_basic, serial_co_window_serial, co_window_corner_a,
          co_window_of_opportunity_a, co_window_corner_a, co_window_paths_a,
          co_window_paths_b, co_window_unsneaky_path_d, co_window_corner_b,
          co_window_of_opportunity_b, co_window_cross_3, co_window_4corner_a,
          co_window_paths_d, dreamdust_wishing_well
D:3:      layout_loops_corners, nicolae_elyvilon_peaceful_grove,
          nicolae_uskayaw_suspiria
D:6:      layout_basic

Skill      XL: |  1  2  3 |
---------------+----------+-----
Spellcasting   | 4 |  4.4
Conjurations   | 5 |  5.2
Dodging        | |  2.4
Stealth        | |  2.4

Action                   || total
-------------------------++-------
 Cast: Magic Dart        ||    56
       Searing Ray       ||     2
Armor: Robe              ||     1
Dodge: Dodged            ||     5
